 Dungeon Crawl Stone Soup version 0.22.1-2-g9c5b331383 (webtiles) character file.

290941 Peloso the Hoplite (level 19, -3/182 HPs)
             Began as a Minotaur Fighter on Dec 15, 2018.
             Was the Champion of Okawaru.
             Slain by Cigotuvi's Monster (15 damage)
             ... in a wizard's laboratory on Dec 16, 2018.
             The game lasted 02:48:30 (44449 turns).

Peloso the Hoplite (Minotaur Fighter)              Turns: 44449, Time: 02:48:31

Health: -3/182     AC: 31    Str: 49    XL:     19   Next: 95%
Magic:  19/19      EV: 15    Int:  7    God:    Okawaru [******]
Gold:   270        SH: 30    Dex: 13    Spells: 18/18 levels left

rFire    + + .     SeeInvis +   a - +9 scimitar of Duty {flame, Str+4}
rCold    + + +     Gourm    .   c - +2 shield of the Beginning {rC++ Str+4}
rNeg     + . .     Faith    .   Q - +5 plate armour "Qovylar" {*Drain +Inv rF+ rC++}
rPois    .         Spirit   .   L - +3 crown of Dyrovepreva {rElec Int+2 SInv}
rElec    +         Reflect  +   J - scarf {rC+ rF+}
rCorr    .         Harm     .   i - +1 pair of gloves of Midnight {+Blink Str+4}
MR       ++...                  W - +1 pair of boots {Fly}
Stlth    ..........             M - brooch of Shielding {Reflect SH+8}
HPRegen  0.40/turn              G - ring "Manuo" {EV+4 Str+5 Dex+2 Stlth+}
MPRegen  0.16/turn              A - ring "Rudomu" {rN+ MR+ Str+4 SInv}

@: flying, constricted, studying Crossbows
A: retaliatory headbutt, horns 2
}: 2/15 runes: decaying, serpentine
a: Heroism, Finesse, Renounce Religion, Evoke Blink, Evoke Invisibility, Stop
Flying


You were in a wizard's laboratory.
You worshipped Okawaru.
Okawaru was exalted by your worship.
You were very hungry.

You visited 8 branches of the dungeon, and saw 36 of its levels.
You also visited: Labyrinth, Trove, Bailey, Ice Cave and Wizlab.

You collected 4240 gold pieces.
You spent 3970 gold pieces at shops.

Inventory:

Hand Weapons
 a - the +9 scimitar of Duty (weapon) {flame, Str+4}
   (Okawaru gifted it to you on level 1 of the Swamp)

   It has been specially enchanted to burn those struck by it, causing extra
   injury to most foes and up to half again as much damage against particularly
   susceptible opponents.
   Big, fiery blades are also staple armaments of hydra-hunters.
   It affects your strength (+4).
 t - the +1 long sword of Bougumn {pain, Str+5}
   (You found it on level 3 of the Elven Halls)

   In the hands of one skilled in necromantic magic, it inflicts extra damage on
   living creatures.
   It affects your strength (+5).
 P - a +5 double sword of flaming
Armour
 b - a +0 hat of see invisible
 c - the +2 shield of the Beginning (worn) {rC++ Str+4}
   (You found it on level 6 of the Lair of Beasts)

   It affects your strength (+4).
   It greatly protects you from cold.
 i - the +1 pair of gloves of Midnight (worn) {+Blink Str+4}
   (You bought it in a shop on level 8 of the Dungeon)

   It affects your strength (+4).
   It lets you blink.
 k - a scarf of resistance
 F - the +1 chain mail of the Kettle-Drum {rElec rF+ MP+9}
   (You found it on level 3 of the Elven Halls)

   It protects you from fire.
   It insulates you from electricity.
   It affects your magic capacity (+9).
 J - a scarf of resistance (worn)
 L - the +3 crown of Dyrovepreva (worn) {rElec Int+2 SInv}
   (You found it in a treasure trove)

   It affects your intelligence (+2).
   It insulates you from electricity.
   It lets you see invisible.
 Q - the +5 plate armour "Qovylar" (worn) {*Drain +Inv rF+ rC++}
   (You found it in a treasure trove)

   It protects you from fire.
   It greatly protects you from cold.
   It lets you turn invisible.
   It causes draining when unequipped.
 U - a scarf of repulsion
 W - a +1 pair of boots of flying (worn)
Jewellery
 d - an uncursed ring of resist corrosion
 n - the ring "Anan" {rPois Int+3 SInv}
   (You found it on level 3 of the Elven Halls)

   [ring of intelligence]

   It affects your intelligence (+3).
   It protects you from poison.
   It lets you see invisible.
 w - an uncursed ring of magical power
 A - the ring "Rudomu" (right hand) {rN+ MR+ Str+4 SInv}
   (You bought it in a shop on level 1 of the Elven Halls)

   [ring of see invisible]

   It affects your strength (+4).
   It protects you from negative energy.
   It affects your resistance to hostile enchantments.
   It lets you see invisible.
 B - an uncursed amulet of the acrobat
 G - the ring "Manuo" (left hand) {EV+4 Str+5 Dex+2 Stlth+}
   (You took it off a deep elf demonologist on level 3 of the Elven Halls)

   [ring of evasion]

   It affects your evasion (+4).
   It affects your strength (+5).
   It affects your dexterity (+2).
   It makes you more stealthy.
 K - an uncursed ring of ice
 M - the brooch of Shielding (around neck) {Reflect SH+8}
   (You bought it in a shop on level 1 of the Elven Halls)

   [amulet of reflection]

   It shields you and reflects attacks.
   It affects your SH (+8).
 O - an uncursed ring of poison resistance
 X - the ring of Owudei Ypni {Wiz rC+ Str+5}
   (You found it in a labyrinth)

   [ring of wizardry]

   It improves your spell success rate.
   It affects your strength (+5).
   It protects you from cold.
Wands
 m - a wand of enslavement (4)
 s - a wand of digging (21)
Scrolls
 g - 17 scrolls of remove curse
 j - 2 scrolls of fog
 q - 3 scrolls of identify
 y - 4 scrolls of blinking
 C - 4 scrolls of fear
 D - 2 scrolls of magic mapping
 H - 19 scrolls of teleportation
 R - a scroll of brand weapon
Potions
 e - 4 potions of berserk rage
 h - 19 potions of curing
 l - 3 potions of agility
 o - 11 potions of heal wounds
 r - 7 potions of haste
 v - 5 potions of might
 x - a potion of mutation
 E - 3 potions of cancellation
 Y - 3 potions of resistance
Books
 p - a manual of Crossbows
Miscellaneous
 u - a phial of floods
 z - a phial of floods
 I - a box of beasts
Comestibles
 f - 53 rations


   Skills:
 + Level 19.0 Fighting
 + Level 20.1 Long Blades
 + Level 17.2 Armour
 + Level 8.4 Dodging
 + Level 3.0 Stealth
 + Level 23.7 Shields
 + Level 1.2 Invocations
 + Level 1.4 Evocations


You had 18 spell levels left.
You didn't know any spells.
Your spell library contained the following spells:

 Spells                   Type           Power        Failure   Level  Hunger
 Beastly Appendage        Tmut           #.....       77%         1    ##.....
 Confusing Touch          Hex            #.....       77%         1    ##.....
 Corona                   Hex            #......      77%         1    ##.....
 Flame Tongue             Conj/Fire      #....        77%         1    ##.....
 Freeze                   Ice            #...         77%         1    ##.....
 Magic Dart               Conj           #...         77%         1    ##.....
 Shock                    Conj/Air       #...         77%         1    ##.....
 Call Imp                 Summ           #.......     88%         2    ###....
 Ensorcelled Hibernation  Hex/Ice        #.....       88%         2    ###....
 Passwall                 Tmut/Erth      #.......     88%         2    ###....
 Poisonous Vapours        Pois/Air       #.....       88%         2    ###....
 Searing Ray              Conj           #.....       88%         2    ###....
 Sticks to Snakes         Tmut           #.......     88%         2    ###....
 Sublimation of Blood     Necr           #.........   88%         2    ###....
 Swiftness                Chrm/Air       #.......     88%         2    ###....
 Throw Flame              Conj/Fire      #.....       88%         2    ###....
 Throw Frost              Conj/Ice       #.....       88%         2    ###....
 Confuse                  Hex            #.......     98%         3    ####...
 Conjure Flame            Conj/Fire      #.......     98%         3    ####...
 Dazzling Spray           Conj/Hex       #.....       98%         3    ####...
 Gell's Gravitas          Tloc           #.........   98%         3    ####...
 Ignite Poison            Fire/Tmut/Pois #.......     98%         3    ####...
 Inner Flame              Hex/Fire       #.......     98%         3    ####...
 Mephitic Cloud           Conj/Pois/Air  #.......     98%         3    ####...
 Ozocubu's Armour         Chrm/Ice       #.......     98%         3    ####...
 Recall                   Summ/Tloc      N/A          98%         3    ####...
 Spider Form              Tmut/Pois      #.........   98%         3    ####...
 Summon Guardian Golem    Hex/Summ       #.......     98%         3    ####...
 Teleport Other           Tloc           #.......     98%         3    ####...
 Tukima's Dance           Hex            #.......     98%         3    ####...
 Force Lance              Conj/Tloc      #.......     100%        4    #####..
 Fulminant Prism          Conj/Hex       #.........   100%        4    #####..
 Ice Form                 Ice/Tmut       #.......     100%        4    #####..
 Iskenderun's Mystic Bla  Conj           #.......     100%        4    #####..
 Leda's Liquefaction      Hex/Erth       #.........   100%        4    #####..
 Passage of Golubria      Tloc           N/A          100%        4    #####..
 Petrify                  Tmut/Erth      #.......     100%        4    #####..
 Sticky Flame             Conj/Fire      #.......     100%        4    #####..
 Summon Ice Beast         Ice/Summ       #.......     100%        4    #####..
 Summon Lightning Spire   Summ/Air       #.......     100%        4    #####..
 Throw Icicle             Conj/Ice       #.......     100%        4    #####..
 Alistair's Intoxication  Tmut/Pois      #.......     100%        5    ######.
 Aura of Abjuration       Summ           #.........   100%        5    ######.
 Blade Hands              Tmut           #.........   100%        5    ######.
 Bolt of Magma            Conj/Fire/Erth #.........   100%        5    ######.
 Fireball                 Conj/Fire      #.........   100%        5    ######.
 Irradiate                Conj/Tmut      #.........   100%        5    ######.
 Lee's Rapid Deconstruct  Erth           #.........   100%        5    ######.
 Metabolic Englaciation   Hex/Ice        #.........   100%        5    ######.
 Silence                  Hex/Air        #.........   100%        5    ######.
 Summon Demon             Summ           #.........   100%        5    ######.
 Summon Forest            Summ/Tloc      #.........   100%        5    ######.
 Summon Mana Viper        Hex/Summ       #.......     100%        5    ######.
 Venom Bolt               Conj/Pois      #.........   100%        5    ######.
 Yara's Violent Unravell  Hex/Tmut       #.........   100%        5    ######.
 Conjure Ball Lightning   Conj/Air       #.........   100%        6    #######
 Darkness                 Hex            #.........   100%        6    #######
 Deflect Missiles         Chrm/Air       #.........   100%        6    #######
 Freezing Cloud           Conj/Ice/Air   #.........   100%        6    #######
 Hydra Form               Tmut           #.........   100%        6    #######
 Invisibility             Hex            #.......     100%        6    #######
 Shadow Creatures         Summ           N/A          100%        6    #######
 Statue Form              Tmut/Erth      #........    100%        6    #######
 Dragon Form              Tmut           #.........   100%        7    #######
 Malign Gateway           Summ/Tloc      #.........   100%        7    #######
 Orb of Destruction       Conj           #.........   100%        7    #######
 Ring of Flames           Chrm/Fire      #.........   100%        7    #######
 Tornado                  Air            #.........   100%        9    #######


Dungeon Overview and Level Annotations

Branches:
Dungeon (15/15)            Temple (1/1) D:5            Lair (6/6) D:11
  Swamp (4/4) Lair:2        Snake (4/4) Lair:3        Slime (0/5) Lair:6
    Orc (2/2) D:11            Elf (3/3) Orc:2        Vaults (1/5) D:14
 Depths (0/5) D:15

Altars:
Ashenzari
Cheibriados
Dithmenos
Elyvilon
Fedhas
Gozag
Hepliaklqana
Kikubaaqudgha
Makhleb
Nemelex Xobeh
Okawaru
Qazlal
Ru
Sif Muna
Trog
Uskayaw
Vehumet
Wu Jian
Xom
Yredelemnul
Zin
The Shining One
Beogh

Shops:
D:7 [:   D:8 [   D:11 ?   D:12 :   Orc:1 =}!?   Orc:2 :*=:(   Elf:1 =}==
Elf:3 =   Vaults:1 =

Annotations:
D:4 1 runed door


Innate Abilities, Weirdness & Mutations

You reflexively headbutt those who attack you in melee.
You have a pair of horns on your head.


Message History

You feel much better.
* * * LOW HITPOINT WARNING * * *
You feel very sick.
You block Cigotuvi's Monster's attack. x2
Cigotuvi's Monster stings you but does no damage.
* * * LOW HITPOINT WARNING * * *
Cigotuvi's Monster constricts you!!
You feel much better.
* * * LOW HITPOINT WARNING * * *
You feel very sick. You block Cigotuvi's Monster's attack.
Cigotuvi's Monster tramples you but does no damage.
You block Cigotuvi's Monster's attack.
* * * LOW HITPOINT WARNING * * *
Cigotuvi's Monster constricts you!
You feel better. Cigotuvi's Monster hits you.
* * * LOW HITPOINT WARNING * * *
Cigotuvi's Monster tramples you but does no damage.
You block Cigotuvi's Monster's attack.
You die...

####* ### ###
##.::####.### ##### #∩#
#.....#.....###...###'##
#...........##.....[...#
#..........##......#...#
#.....H@...##......#...#
#.....†....##.######...#
#.....###'#####..####÷##
##:..#*#..# ##...§##.÷.#
####* #..# #§..§§§#...#
**,,**##..# #§.§§§.....#
*,,,,##...# ##.§§.##...#
*,,,,+...## ##..####'##
*,,,,#...# ####.#...#


You could see Cigotuvi's Monster.

Vanquished Creatures
  Vashnia (Snake:3)
  Saint Roka (Elf:2)
  Rupert (D:13)
  Asterion (Snake:3)
  A deep elf blademaster (Elf:2)
  2 deep elf master archers (Elf:3)
  Agnes (Elf:2)
  Kirke (Snake:2)
  Roxanne (Swamp:3)
  An azure jelly (Swamp:4)
  The ghost of Knicklaso the Brawler, a journeyman TrHu of Elyvilon (Orc:2)
  3 thorn hunters
  5 deep elf sorcerers (Elf:3)
  11 nagarajas
  An orc warlord (Bailey)
  Louise (Snake:2)
  A deep elf elementalist (Elf:3)
  4 very ugly things
  Azrael (Snake:2)
  3 deep elf demonologists (Elf:3)
  8 dire elephants
  7 deep elf annihilators (Elf:3)
  A minotaur (Lab)
  The ghost of jt the Frost Mage, a journeyman MfIE of Sif Muna (Lair:6)
  4 deep elf death magi (Elf:3)
  An ettin (D:15)
  4 ice dragons
  5 deep elf high priests (Elf:3)
  A great orb of eyes (Vaults:1)
  An ogre mage (D:15)
  A vault guard (D:14)
  13 naga warriors
  5 anacondas
  A death knight (D:13)
  A catoblepas (Lair:4)
  14 hydras
  17 alligators
  Erica (D:8)
  7 centaur warriors
  A death yak (Lair:5)
  32 dancing weapons
  3 two-headed ogres
  2 tengu warriors
  16 naga sharpshooters
  3 orc high priests (Orc:2)
  6 shock serpents
  Sonja (D:11)
  11 deep elf knights
  An iron golem (WizLab)
  11 sea snakes
  A salamander mystic (Snake:3)
  A wizard (D:11)
  6 deep elf archers
  An unseen horror (Vaults:1)
  2 swamp dragons
  2 naga ritualists
  A shambling mangrove (Swamp:4)
  2 spriggan druids
  Pikel (D:8)
  3 ironbrand convokers (Vaults:1)
  10 orc knights
  13 ugly things
  A phantasmal warrior (D:14)
  8 orc sorcerers
  5 cyclopes
  7 mana vipers
  3 necromancers
  12 salamanders
  A manticore (D:13)
  3 oklob plants (Lair:6)
  32 deep elf magi
  3 centaur zombies
  10 elephants
  28 black mambas
  The ghost of LiquoriceLizzard the Chopper, a novice DDFi (D:4)
  A stone giant skeleton (Vaults:1)
  11 guardian serpents
  2 black mambas (shapeshifter) (WizLab)
  4 vault sentinels (Vaults:1)
  13 naga magi
  An ice statue (IceCv)
  2 gargoyles
  A kobold demonologist (D:13)
  12 spiny frogs
  A storm dragon simulacrum (Vaults:1)
  8 yaktaurs
  4 rime drakes
  9 komodo dragons
  16 freezing wraiths
  An elf (WizLab)
  A yaktaur skeleton (Vaults:1)
  5 trolls
  A tengu conjurer (D:15)
  5 hornets
  20 blink frogs
  11 hippogriffs
  7 bog bodies
  9 slime creatures (D:12)
  9 tyrant leeches
  6 dream sheep
  7 wind drakes (D:15)
  A hippogriff (shapeshifter) (D:14)
  A stone giant simulacrum (Vaults:1)
  A frost giant simulacrum (Vaults:1)
  2 spriggans
  3 shadows
  A spriggan (shapeshifter) (WizLab)
  7 wraiths
  2 vampires
  13 air elementals
  2 wyverns
  2 water elementals
  26 yaks
  A human (D:7)
  Grum (D:8)
  6 hogs
  3 basilisks
  6 large abominations (WizLab)
  A death yak simulacrum (IceCv)
  A hog (shapeshifter) (Elf:3)
  A steam dragon (D:12)
  5 fire elementals
  A yaktaur simulacrum (Vaults:1)
  5 hungry ghosts
  Menkaure (D:7)
  60 nagas
  6 swamp worm simulacra (Swamp:4)
  15 vampire mosquitoes
  25 insubstantial wisps
  14 wargs
  14 hydra simulacra (Swamp:4)
  3 hell hounds (Snake:2)
  11 swamp worms
  An acid dragon (D:12)
  10 water moccasins
  Duvessa (D:5)
  A floating eye (shapeshifter) (Elf:1)
  8 swamp drakes
  7 porcupines
  3 black bears
  4 sky beasts
  9 ice beasts
  44 orc warriors
  A phantom (D:13)
  A meliai simulacrum (D:14)
  A slave (D:8)
  A necrophage (D:10)
  21 centaurs
  11 ogres
  A human skeleton (Vaults:1)
  17 wolves
  12 crocodiles
  9 small abominations (WizLab)
  2 human zombies (Vaults:1)
  3 big kobolds
  18 bullfrogs
  3 earth elementals
  A gnoll sergeant (D:6)
  Dowan (D:5)
  A scorpion (D:4)
  An elephant simulacrum (IceCv)
  22 wights
  2 troll skeletons (Swamp:3)
  2 swamp dragon simulacra (IceCv)
  2 troll zombies (Swamp:3)
  3 vampire bats (Lair:6)
  3 electric eels
  10 crimson imps
  4 bullfrog zombies
  4 draconian simulacra (IceCv)
  A bullfrog skeleton (D:13)
  3 jellies
  7 centaur skeletons
  7 hounds
  18 orc priests
  Jessica (D:2)
  2 iguanas
  18 orc wizards
  5 troll simulacra (IceCv)
  10 worker ants
  A killer bee zombie (D:6)
  3 spriggan simulacra (IceCv)
  2 centaur simulacra (IceCv)
  A hound skeleton (D:7)
  A worker ant zombie (D:10)
  13 gnolls
  5 naga simulacra (IceCv)
  An ogre simulacrum (IceCv)
  24 adders
  2 howler monkey skeletons
  5 shadow imps
  12 white imps (IceCv)
  2 swamp drake simulacra (Swamp:4)
  An adder zombie (D:8)
  An ooze (D:7)
  4 worms
  2 dart slugs (D:3)
  3 leopard geckos
  108 orcs
  2 ball pythons
  18 bats
  4 giant cockroaches
  14 hobgoblins
  4 jackals (D:3)
  12 kobolds
  9 quokkas
  3 frilled lizards
  35 goblins
  A jackal skeleton (D:5)
  A leopard gecko skeleton (D:8)
  A quokka zombie (D:5)
  10 rats
  4 briar patches (Swamp:3)
  A bush (D:2)
  2 crawling corpses (Elf:3)
  2 fungi (Lair:6)
  7 plants
1425 creatures vanquished.

Vanquished Creatures (others)
  A swamp dragon (Swamp:4)
  A black mamba (Snake:2)
  2 yaktaurs (Vaults:1)
  2 wind drakes (D:15)
  2 hornets (Swamp:4)
  2 spriggans (Swamp:4)
  A human (Snake:2)
  A swamp worm (Swamp:1)
  19 ball lightnings (D:15)
  A kobold (D:13)
  2 fungi
  3 plants
  10 toadstools (Lair:5)
47 creatures vanquished.

Grand Total: 1472 creatures vanquished

Notes
Turn   | Place    | Note
-------+----------+-------------------------------------------
     0 | D:1      | Peloso the Minotaur Fighter began the quest for the Orb.
     0 | D:1      | Reached XP level 1. HP: 19/19 MP: 0/0
   252 | D:1      | Reached XP level 2. HP: 23/27 MP: 1/1
   569 | D:1      | Reached skill level 4 in Shields
   640 | D:2      | Noticed Jessica
   648 | D:2      | Killed Jessica
   648 | D:2      | Reached XP level 3. HP: 32/33 MP: 2/2
   792 | D:2      | Reached XP level 4. HP: 40/41 MP: 3/3
   924 | D:2      | Found a shattered altar of Ashenzari.
  1105 | D:2      | Found a snail-covered altar of Cheibriados.
  1702 | D:3      | Found a stormy altar of Qazlal.
  1850 | D:3      | Reached XP level 5. HP: 46/47 MP: 4/4
  2170 | D:3      | Reached skill level 1 in Dodging
  2174 | D:3      | Reached skill level 5 in Shields
  2369 | D:4      | Reached skill level 5 in Armour
  2369 | D:4      | Reached XP level 6. HP: 35/53 MP: 5/5
  2502 | D:4      | Got a fine cloak
  2508 | D:4      | Identified the +0 cloak "Azydaku" {*Contam rElec Regen+
                  | Dex+4} (You found it on level 4 of the Dungeon)
  2960 | D:4      | Found a runed door.
  2964 | D:4      | Noticed LiquoriceLizzard's ghost (novice DDFi)
  2984 | D:4      | Killed LiquoriceLizzard's ghost
  2984 | D:4      | Reached skill level 5 in Fighting
  2984 | D:4      | Reached skill level 5 in Long Blades
  2984 | D:4      | Reached XP level 7. HP: 25/61 MP: 6/6
  3000 | D:4      | Found a runed door.
  3288 | D:4      | Reached skill level 6 in Shields
  3411 | D:4      | Found a sacrificial altar of Ru.
  3422 | D:5      | Entered Level 5 of the Dungeon
  3446 | D:5      | Found a shimmering altar of Xom.
  3446 | D:5      | Noticed an angel
  3447 | D:5      | Found a glowing silver altar of Zin.
  3463 | D:5      | Reached XP level 8. HP: 68/68 MP: 7/7
  3510 | D:5      | Noticed Duvessa
  3510 | D:5      | Noticed Dowan
  3531 | D:5      | Killed Duvessa
  3554 | D:5      | Killed Dowan
  3575 | D:5      | Found a blossoming altar of Fedhas.
  3776 | D:5      | Found a staircase to the Ecumenical Temple.
  3804 | Temple   | Entered the Ecumenical Temple
  3877 | Temple   | Became a worshipper of Warmaster Okawaru
  4016 | D:5      | Found a bloodstained altar of Trog.
  4705 | D:6      | Reached * piety under Okawaru
  4745 | D:6      | Reached skill level 7 in Shields
  4978 | D:7      | Found Puda's Antique Armour Shop.
  5022 | D:7      | Got an encrusted spear
  5023 | D:7      | Identified the +4 spear of the Lair of Beasts {protect,
                  | rElec Dex+4} (You found it on level 7 of the Dungeon)
  5093 | D:7      | Reached XP level 9. HP: 75/75 MP: 8/8
  5473 | D:7      | Reached ** piety under Okawaru
  5476 | D:7      | Reached skill level 8 in Shields
  5599 | D:7      | Reached skill level 1 in Stealth
  5676 | D:7      | Found Xelecer's Magic Scroll Boutique.
  5684 | D:7      | Bought a scroll of remove curse for 33 gold pieces
  5684 | D:7      | Bought a scroll of enchant weapon for 82 gold pieces
  5684 | D:7      | Bought a scroll of teleportation for 33 gold pieces
  5684 | D:7      | Bought a scroll of identify for 22 gold pieces
  5684 | D:7      | Bought a scroll of identify for 22 gold pieces
  5695 | D:7      | Bought a scroll of identify for 22 gold pieces
  5695 | D:7      | Bought a scroll of identify for 22 gold pieces
  5695 | D:7      | Bought a scroll of remove curse for 33 gold pieces
  5745 | D:7      | Reached skill level 10 in Long Blades
  5792 | D:7      | Noticed Menkaure
  5793 | D:7      | Found Imuosibbua's Book Boutique.
  5798 | D:7      | Killed Menkaure
  5822 | D:7      | Found a deep blue altar of Sif Muna.
  6257 | D:8      | Noticed Pikel
  6285 | D:8      | Killed Pikel
  6285 | D:8      | Reached *** piety under Okawaru
  6285 | D:8      | Reached XP level 10. HP: 72/84 MP: 9/9
  6510 | D:8      | Reached skill level 9 in Shields
  6540 | D:8      | Noticed Grum
  6553 | D:8      | Killed Grum
  6679 | D:8      | Reached **** piety under Okawaru
  6696 | D:8      | Found Leptag's Antique Armour Shop.
  6846 | D:8      | Noticed Erica
  6865 | D:8      | Killed Erica
  6865 | D:8      | Reached skill level 5 in Dodging
  6910 | D:8      | Found a stormy altar of Qazlal.
  7085 | D:8      | Reached skill level 10 in Shields
  7450 | D:9      | Reached ***** piety under Okawaru
  7697 | D:9      | Reached XP level 11. HP: 50/94 MP: 10/10
  8115 | D:9      | Noticed an orc knight
  8135 | D:9      | Killed an orc knight
  8135 | D:9      | Reached skill level 10 in Armour
  8221 | D:9      | Noticed an orc knight
  8230 | D:9      | Killed an orc knight
  8466 | D:8      | Bought a pair of faintly humming gloves for 256 gold pieces
  8474 | D:8      | Identified the +1 pair of gloves of Cuoc {rC+ MR- Int-5
                  | Dex+8} (You bought it in a shop on level 8 of the Dungeon)
  8474 | D:8      | Lost intelligence.
  8485 | D:10     | Entered Level 10 of the Dungeon
  8618 | D:10     | Reached ****** piety under Okawaru
  8749 | D:10     | Found a portal to a secret trove of treasure.
  8760 | Trove    | Entered a treasure trove
  8764 | Trove    | Found the +3 crown of Dyrovepreva {rElec Int+2 SInv}
  8813 | Trove    | Got brightly glowing ice dragon scales
  8817 | Trove    | Got a faintly glowing plate armour
  8828 | Trove    | Identified the +5 plate armour "Qovylar" {*Drain +Inv rF+
                  | rC++} (You found it in a treasure trove)
  8835 | Trove    | Got a faintly humming hat
  8955 | D:10     | Reached skill level 11 in Shields
  9116 | D:10     | Identified the +2 hat of the Arcane {Slay+3} (You found it
                  | in a treasure trove)
  9307 | D:11     | Found a staircase to the Lair.
  9427 | D:11     | Found a flagged portal.
  9467 | Bailey   | Entered a bailey
  9995 | Bailey   | Noticed an orc knight
  9995 | Bailey   | Noticed an orc warlord
  9995 | Bailey   | Noticed an orc knight
 10015 | Bailey   | Killed an orc warlord
 10015 | Bailey   | Reached XP level 12. HP: 94/105 MP: 9/11
 10037 | Bailey   | Reached skill level 12 in Shields
 10263 | Lair:1   | Entered Level 1 of the Lair of Beasts
 10371 | Lair:1   | Reached skill level 10 in Fighting
 10501 | Lair:1   | Noticed a four-headed hydra
 10508 | Lair:1   | Killed a two-headed hydra
 10771 | D:8      | Bought a pair of brightly glowing gloves for 256 gold
                  | pieces
 10777 | D:8      | Identified the +1 pair of gloves of Midnight {+Blink Str+4}
                  | (You bought it in a shop on level 8 of the Dungeon)
 10996 | Lair:1   | Reached skill level 13 in Shields
 11384 | Lair:2   | Found a frozen archway.
 11391 | IceCv    | Entered an ice cave
 11554 | IceCv    | Found an ancient bone altar of Kikubaaqudgha.
 11704 | IceCv    | Reached XP level 13. HP: 116/116 MP: 12/12
 11869 | Lair:2   | Received a gift from Okawaru
 12133 | Lair:2   | Reached skill level 14 in Shields
 12345 | Lair:2   | Found a staircase to the Swamp.
 12667 | Lair:3   | Found a staircase to the Snake Pit.
 13600 | Lair:4   | Reached skill level 15 in Long Blades
 14368 | Lair:5   | Received a gift from Okawaru
 14377 | Lair:5   | Reached skill level 15 in Shields
 14824 | Lair:5   | Found a runed door.
 14878 | Lair:5   | Noticed a dire elephant
 14878 | Lair:5   | Noticed a dire elephant
 14886 | Lair:5   | Killed a dire elephant
 14899 | Lair:5   | Killed a dire elephant
 15482 | Lair:6   | Entered Level 6 of the Lair of Beasts
 15548 | Lair:6   | Received a gift from Okawaru
 15640 | Lair:6   | Reached XP level 14. HP: 127/127 MP: 13/13
 15865 | Lair:6   | Found a staircase to the Slime Pits.
 16040 | Lair:6   | Found a runed door.
 16049 | Lair:6   | Noticed jt's ghost (journeyman MfIE)
 16305 | Lair:6   | Killed jt's ghost
 17593 | Lair:1   | Identified a scroll of acquirement
 17802 | D:11     | Found Imepa's Magic Scroll Emporium.
 17806 | D:11     | Bought a scroll of identify for 26 gold pieces
 17806 | D:11     | Bought a scroll of identify for 26 gold pieces
 17810 | D:11     | Identified the +0 ice dragon scales of Untold Secrets
                  | {*Slow rElec rF- rC++ MR++ Regen+} (You found it in a
                  | treasure trove)
 17814 | D:11     | Bought a scroll of identify for 26 gold pieces
 17814 | D:11     | Bought a scroll of magic mapping for 45 gold pieces
 17814 | D:11     | Bought a scroll of brand weapon for 260 gold pieces
 17814 | D:11     | Bought a scroll of identify for 26 gold pieces
 17814 | D:11     | Bought a scroll of teleportation for 39 gold pieces
 17914 | D:11     | Noticed Sonja
 17954 | D:11     | Found a staircase to the Orcish Mines.
 17975 | D:11     | Found a roughly hewn altar of Beogh.
 18199 | D:11     | Killed Sonja
 18199 | D:11     | Received a gift from Okawaru
 18521 | D:12     | Reached skill level 16 in Shields
 18527 | D:12     | Found Raenkity's Book Shoppe.
 18618 | D:12     | Reached skill level 1 in Invocations
 19631 | D:13     | Noticed Rupert
 19655 | D:13     | Killed Rupert
 19700 | D:13     | Received a gift from Okawaru
 20574 | Orc:1    | Entered Level 1 of the Orcish Mines
 20603 | Orc:1    | Found Wiyne's Distillery.
 20606 | Orc:1    | Bought a potion of cancellation for 88 gold pieces
 20606 | Orc:1    | Bought a potion of heal wounds for 55 gold pieces
 20653 | Orc:2    | Entered Level 2 of the Orcish Mines
 20693 | Orc:2    | Found a transporter.
 20697 | Orc:2    | Found a transporter.
 20697 | Orc:2    | Noticed Knicklaso's ghost (journeyman TrHu)
 20785 | Orc:2    | Killed Knicklaso's ghost
 20785 | Orc:2    | Received a gift from Okawaru
 20964 | Orc:1    | Found Toquesae's Gadget Emporium.
 21129 | Orc:1    | Found Istrikuuq's Jewellery Shoppe.
 21244 | Orc:2    | Found a staircase to the Elven Halls.
 21247 | Orc:2    | Found Offaorphixie's Weapon Boutique.
 21337 | Orc:1    | Found Hunt's Magic Scroll Boutique.
 21346 | Orc:1    | Bought 3 scrolls of enchant weapon for 315 gold pieces
 21346 | Orc:1    | Bought a scroll of remove curse for 42 gold pieces
 21346 | Orc:1    | Bought a scroll of identify for 28 gold pieces
 21346 | Orc:1    | Bought a scroll of identify for 28 gold pieces
 21346 | Orc:1    | Bought a scroll of identify for 28 gold pieces
 21473 | Orc:2    | Found Qiemofib's Book Emporium.
 21511 | Orc:2    | Reached XP level 15. HP: 104/138 MP: 12/14
 21680 | Orc:2    | Found Xughiqij's General Store.
 21761 | Orc:2    | Found Kifemiq's Jewellery Shop.
 21771 | Orc:2    | Found Nupei's Book Emporium.
 22276 | D:14     | Reached skill level 17 in Shields
 22967 | D:14     | Found a gate to the Vaults.
 23054 | D:15     | Entered Level 15 of the Dungeon
 23064 | D:15     | Found a labyrinth entrance.
 23069 | Lab      | Entered a labyrinth
 23190 | Lab      | Got a bound brass ring
 23193 | Lab      | Identified the ring of Owudei Ypni {Wiz rC+ Str+5} (You
                  | found it in a labyrinth)
 23227 | D:15     | Received a gift from Okawaru
 23916 | D:15     | Reached skill level 18 in Shields
 24024 | D:15     | Paralysed by an ogre mage for 2 turns
 24241 | D:15     | Found a staircase to the Depths.
 24309 | D:15     | Reached skill level 15 in Fighting
 25535 | Swamp:1  | Entered Level 1 of the Swamp
 25649 | Swamp:1  | Reached XP level 16. HP: 139/149 MP: 13/15
 25763 | Swamp:1  | Received a gift from Okawaru
 25771 | Swamp:1  | Got an ebony scimitar {god gift}
 25775 | Swamp:1  | Identified the +9 scimitar of Duty {flame, Str+4} (Okawaru
                  | gifted it to you on level 1 of the Swamp)
 26602 | Swamp:2  | Noticed a thorn hunter
 26612 | Swamp:2  | Killed a thorn hunter
 27073 | Swamp:2  | Reached skill level 19 in Shields
 27507 | D:7      | Bought a scroll of acquirement for 572 gold pieces
 27945 | Lair:6   | Got a crude shield
 27951 | Lair:6   | Identified the +2 shield of the Beginning {rC++ Str+4} (You
                  | found it on level 6 of the Lair of Beasts)
 28491 | Lair:6   | Received a gift from Okawaru
 29139 | Swamp:3  | Noticed Roxanne
 29147 | Swamp:3  | Noticed a thorn hunter
 29166 | Swamp:3  | Killed a thorn hunter
 29710 | Swamp:3  | Killed Roxanne
 29711 | Swamp:3  | Identified Roxanne's Guide on the Rocks (You took it off
                  | Roxanne on level 3 of the Swamp)
 29969 | Swamp:3  | Noticed a thorn hunter
 29988 | Swamp:3  | Killed a thorn hunter
 29988 | Swamp:3  | Reached skill level 15 in Armour
 30326 | Swamp:3  | Received a gift from Okawaru
 30930 | Swamp:4  | Entered Level 4 of the Swamp
 31381 | Swamp:4  | Got a decaying rune of Zot
 31755 | Swamp:4  | Received a gift from Okawaru
 31758 | Swamp:4  | Got a slimy plate armour {god gift}
 31759 | Swamp:4  | Identified the +3 plate armour of Miracles {Dex+3} (Okawaru
                  | gifted it to you on level 4 of the Swamp)
 32187 | Snake:1  | Entered Level 1 of the Snake Pit
 32202 | Snake:1  | Found a shadowy altar of Dithmenos.
 32364 | Snake:1  | Reached XP level 17. HP: 158/158 MP: 16/16
 32717 | Snake:1  | Got a faintly glowing chain mail
 32718 | Snake:1  | Identified the +1 chain mail of Going Fast {rN+++ Dex-3
                  | Slay+5 Stlth+} (You found it on level 1 of the Snake Pit)
 32742 | Snake:2  | Reached skill level 20 in Shields
 33005 | Snake:2  | Noticed Kirke
 33084 | Snake:2  | Killed Kirke
 33119 | Snake:2  | Noticed Azrael
 33135 | Snake:2  | Killed Azrael
 33193 | Snake:2  | Noticed Louise
 33206 | Snake:2  | Killed Louise
 33944 | Snake:3  | Noticed Asterion
 33948 | Snake:3  | Received a gift from Okawaru
 34335 | Snake:3  | Killed Asterion
 34335 | Snake:3  | Reached skill level 21 in Shields
 34361 | Snake:3  | Got a crude quick blade {god gift}
 35013 | Snake:3  | Noticed Vashnia
 35032 | Snake:3  | Killed Vashnia
 35032 | Snake:3  | Received a gift from Okawaru
 35254 | Snake:4  | Entered Level 4 of the Snake Pit
 35585 | Snake:4  | Reached XP level 18. HP: 161/169 MP: 17/17
 35938 | Snake:4  | Received a gift from Okawaru
 36427 | Snake:4  | Reached skill level 22 in Shields
 36795 | Snake:4  | Received a gift from Okawaru
 36839 | Snake:4  | Got a serpentine rune of Zot
 36941 | Snake:4  | Found an ornate altar of the Wu Jian Council.
 36945 | Snake:4  | Got a pair of crude boots
 36956 | Snake:4  | Identified the +0 pair of boots "Qopo" {rN+ MP+9 Str+2}
                  | (You acquired it on level 4 of the Snake Pit)
 37276 | Lair:1   | Identified the +6 quick blade of Desperation {pierce, MR+}
                  | (Okawaru gifted it to you on level 3 of the Snake Pit)
 38142 | Elf:1    | Entered Level 1 of the Elven Halls
 38199 | Elf:1    | Found Elyuggeh's Jewellery Emporium.
 38454 | Elf:1    | Found Evaiput's Jewellery Boutique.
 38457 | Elf:1    | Found Ebloy's Gadget Emporium.
 38459 | Elf:1    | Found Kallig's Jewellery Boutique.
 38482 | Elf:1    | Bought the ring "Rudomu" {rN+ MR+ Str+4 SInv} for 522 gold
                  | pieces
 39031 | Elf:2    | Noticed Saint Roka
 39120 | Elf:2    | Killed Saint Roka
 39653 | Elf:2    | Found a runed gate.
 39653 | Elf:2    | Found a runed gate.
 39661 | Elf:2    | Found a runed gate.
 39901 | Elf:2    | Noticed Agnes
 39914 | Elf:2    | Killed Agnes
 39972 | Elf:2    | Reached XP level 19. HP: 146/179 MP: 18/18
 40290 | Elf:2    | Received a gift from Okawaru
 40577 | Elf:3    | Entered Level 3 of the Elven Halls
 40731 | Elf:3    | Found Lureicefusk's Jewellery Boutique.
 40843 | Elf:3    | Received a gift from Okawaru
 40968 | Elf:3    | Reached skill level 23 in Shields
 41318 | Elf:3    | Got a blackened scimitar {flame}
 41322 | Elf:3    | Identified the cursed +3 scimitar "Sige" {flame, *Noise
                  | rPois MP+9 Str+3} (You took it off a deep elf annihilator
                  | on level 3 of the Elven Halls)
 41659 | Elf:3    | Received a gift from Okawaru
 42016 | Elf:3    | Got a scintillating iron ring
 42022 | Elf:3    | Identified the ring "Manuo" {EV+4 Str+5 Dex+2 Stlth+} (You
                  | took it off a deep elf demonologist on level 3 of the Elven
                  | Halls)
 42054 | Elf:3    | Identified Sif Muna's Reference Book on Unstable Attacks
 42056 | Elf:3    | Identified Pumicoxol's Grimoire of Summoning and
                  | Contamination
 42956 | Elf:3    | Got a brightly glowing steel ring
 42963 | Elf:3    | Got a warped long sword
 42964 | Elf:3    | Identified the cursed +1 long sword of Bougumn {pain,
                  | Str+5} (You found it on level 3 of the Elven Halls)
 42979 | Elf:3    | Got an ancient chain mail
 43008 | Elf:3    | Identified the ring "Anan" {rPois Int+3 SInv} (You found it
                  | on level 3 of the Elven Halls)
 43123 | Elf:3    | Reached skill level 1 in Evocations
 43252 | Elf:3    | Identified the +1 chain mail of the Kettle-Drum {rElec rF+
                  | MP+9} (You found it on level 3 of the Elven Halls)
 43337 | Elf:1    | Bought the brooch of Shielding {Reflect SH+8} for 1063 gold
                  | pieces
 43337 | Elf:1    | Found the brooch of Shielding {Reflect SH+8}
 43551 | Vaults:1 | Entered Level 1 of the Vaults
 43568 | Vaults:1 | Found Ziucyoqe's Jewellery Boutique.
 43753 | Vaults:1 | Found a magical portal.
 43773 | WizLab   | Entered Cigotuvi's Fleshworks
 44446 | WizLab   | HP: 5/182 [Cigotuvi's Monster (14)]
 44449 | WizLab   | Slain by Cigotuvi's Monster

Skill      XL: |  1  2  3  4  5  6  7  8  9 10 11 12 13 14 15 16 17 18 19 |
---------------+----------------------------------------------------------+-----
Armour         | 4 5 6 7 8 9 10 11 12 13 14 15 16 17 | 17.2
Shields        | 4 5 6 7 8 10 11 13 15 16 18 19 21 22 23 | 23.7
Fighting       | 4 5 6 7 9 11 12 14 15 16 17 18 19 | 19.0
Long Blades    | 3 4 5 6 8 10 11 13 14 15 16 17 18 19 20 | 20.1
Dodging        | 1 2 4 5 6 7 8 |  8.4
Stealth        | 1 2 3 |  3.0
Invocations    | 1 |  1.2
Evocations     | 1 |  1.4

Action                   |  1- 3 |  4- 6 |  7- 9 | 10-12 | 13-15 | 16-18 | 19-21 || total
-------------------------+-------+-------+-------+-------+-------+-------+-------++-------
Melee: Long sword        |    53 |   207 |   317 |   101 |       |       |    17 ||   695
       Headbutt          |     9 |    50 |    93 |   224 |   429 |   382 |   120 ||  1307
       Scimitar          |       |       |       |   652 |  1391 |  1285 |   436 ||  3764
Invok: Heroism           |       |       |       |     3 |     5 |     1 |       ||     9
 Abil: Evoke Blink       |       |       |       |       |     1 |       |       ||     1
Evoke: Wand              |       |       |     1 |       |     6 |     4 |     7 ||    18
  Use: Potion            |       |     1 |       |     1 |     6 |     1 |     3 ||    12
       Scroll            |       |       |    13 |     7 |    18 |     7 |    20 ||    65
  Eat: Chunk             |       |     6 |    11 |    19 |    45 |    34 |    14 ||   129
       Ration            |       |       |       |     1 |       |     4 |       ||     5
Armor: Scale mail        |    31 |    77 |   111 |    42 |       |       |       ||   261
       Plate armour      |       |       |       |   220 |   481 |   418 |    38 ||  1157
       Ice dragon scales |       |       |       |       |       |    49 |    41 ||    90
Dodge: Dodged            |    19 |    49 |   107 |   251 |   552 |   360 |    88 ||  1426
Block: Shield            |    29 |    99 |   164 |   511 |  1067 |  1234 |   367 ||  3471
       Reflection        |       |       |       |       |       |       |    11 ||    11
       Rpst.: Long sword |     4 |    15 |    23 |     2 |       |       |     3 ||    47
       Scimitar          |       |       |       |    63 |   109 |    67 |    12 ||   251
